 Dungeon Crawl Stone Soup version 0.25.0-11-g1f837a76a1 (webtiles) character file.

Game seed: 8912715884339059955

89 guizzmo the Skirmisher (level 4, -3/35 HPs)
             Began as a Demonspawn Fighter on June 25, 2020.
             Slain by a gnoll
             ... wielding a +0 halberd
              (8 damage)
             ... on level 2 of the Dungeon.
             The game lasted 00:04:41 (1254 turns).

guizzmo the Skirmisher (Demonspawn Fighter)         Turns: 1254, Time: 00:04:42

Health: -3/35      AC:  7    Str: 17    XL:     4   Next: 31%
Magic:  4/4        EV:  7    Int: 10    God:
Gold:   84         SH:  9    Dex: 12    Spells: 3/3 levels left

rFire    . . .     SeeInvis .   a - +0 long sword
rCold    + . .     Gourm    .   c - +0 kite shield
rNeg     . . .     Faith    .   b - +0 scale mail
rPois    .         Spirit   .   (no helmet)
rElec    .         Reflect  .   (no cloak)
rCorr    .         Harm     .   l - +0 pair of gloves
MR       .....                  (no boots)
Stlth    ..........             j - amulet of regeneration
HPRegen  0.51/turn              (no ring)
MPRegen  0.09/turn              (no ring)

@: no status effects
A: hooves 1, cold resistance 1, spiny 1
a: no special abilities


You were on level 2 of the Dungeon.
You were not hungry.

You visited 1 branch of the dungeon, and saw 2 of its levels.

You collected 84 gold pieces.

Inventory:

Hand Weapons
 a - a +0 long sword (weapon)
 e - a +0 mace of protection
Armour
 b - a +0 scale mail (worn)
 c - a +0 kite shield (worn)
 l - a +0 pair of gloves (worn)
Jewellery
 j - an amulet of regeneration (around neck)
 n - an uncursed ring of protection from magic {unknown}
Wands
 p - a wand of random effects (21)
Scrolls
 h - a scroll of identify
 k - a scroll of teleportation
 o - a scroll of enchant armour {unknown}
 q - a scroll of remove curse
 r - a scroll of fog {unknown}
Potions
 d - a potion of might
 i - a potion of heal wounds {unknown}
 m - 2 potions of brilliance {unknown}
Comestibles
 f - 7 rations
 g - 5 chunks of flesh


   Skills:
 + Level 3.3 Fighting
 * Level 3.1 Long Blades
 + Level 0.4 Maces & Flails
 + Level 3.1 Armour
 + Level 3.1 Shields


You had 3 spell levels left.
You didn't know any spells.
Your spell library was empty.

Dungeon Overview and Level Annotations

Branches:
Dungeon (2/15)

Altars:
Xom


Innate Abilities, Weirdness & Mutations

You have large cloven feet.
Your flesh is cold resistant. (rC+)
You are partially covered in sharp spines.


Message History

You block the gnoll's attack. The gnoll closely misses you.
You hit the gnoll. You kick the gnoll, but do no damage.
The gnoll is severely wounded.
You block the gnoll's attack. The gnoll is struck by your spines.
The gnoll closely misses you. You block the gnoll's attack.
You hit the gnoll.
You kill the gnoll!
The gnoll hits you from afar with a +0 halberd!
The gnoll hits you with a +0 club.
You are too injured to fight recklessly!
You are too injured to fight recklessly!
You are too injured to fight recklessly!
Unknown command.
The gnoll hits you with a +0 halberd!
* * * LOW HITPOINT WARNING * * *
Things that are here:
a +0 spear; a gnoll corpse Your shield prevents you from hitting the gnoll.
The gnoll hits you with a +0 halberd!
You die...

#.# #.### #...#
#.#.# #...#
##.## ###
#####.#
.....####...#.#
#....g@g.#.#.#
#.#.####...#.#
#.g....†...#
#######.####
#.. ####


You could see 2 gnolls.

Vanquished Creatures
  2 adders (D:2)
  2 gnolls (D:2)
  An ooze (D:1)
  2 worms (D:2)
  A leopard gecko (D:1)
  2 giant cockroaches (D:1)
  3 goblins
  8 hobgoblins
  3 jackals (D:1)
  2 bats (D:2)
  3 frilled lizards (D:1)
  6 kobolds
  3 rats
38 creatures vanquished.

Notes
Turn   | Place    | Note
-------+----------+-------------------------------------------
     0 | D:1      | guizzmo the Demonspawn Fighter began the quest for the Orb.
     0 | D:1      | Reached XP level 1. HP: 18/18 MP: 1/1
   381 | D:1      | Gained mutation: Your flesh is cold resistant. (rC+)
                  | [demonic ancestry]
   381 | D:1      | Reached XP level 2. HP: 23/24 MP: 2/2
   931 | D:2      | Found a shimmering altar of Xom.
   943 | D:2      | Gained mutation: You are partially covered in sharp spines.
                  | [demonic ancestry]
   943 | D:2      | Reached XP level 3. HP: 13/29 MP: 3/3
  1219 | D:2      | Gained mutation: You have large cloven feet. [demonic
                  | ancestry]
  1219 | D:2      | Reached XP level 4. HP: 35/35 MP: 4/4
  1254 | D:2      | Slain by a gnoll

Illustrated notes

Levels and vault maps discovered:
D:1:      mrwooster_arrival_statue_2, layout_basic
D:2:      layout_loops_ring, overflow_temple_1_default, first_ration

Skill      XL: |  1  2  3  4 |
---------------+-------------+-----
Long Blades    | 2 3 |  3.1
Armour         | 3 |  3.1
Shields        | 3 |  3.1
Fighting       | |  3.3
Maces & Flails | |  0.4

Action                   |  1- 3 |  4- 6 || total
-------------------------+-------+-------++-------
Melee: Mace              |    12 |       ||    12
       Long sword        |    88 |    10 ||    98
       Kick              |       |     5 ||     5
  Use: Scroll            |     3 |       ||     3
  Eat: Chunk             |     1 |       ||     1
Armor: Scale mail        |    44 |     2 ||    46
Dodge: Dodged            |    20 |     3 ||    23
Block: Kite shield       |    47 |    10 ||    57
       Rpst.: Long sword |     6 |       ||     6
